 Dungeon Crawl Stone Soup version 0.31-a0-978-g1e143483b6 (webtiles) character file.

Game seed: 13994796491151817160

760 BinkBink the Trooper (level 7, 0/67 HPs)
             Began as a Gargoyle Fighter on Oct 30, 2023.
             Slain by an orc priest
             ... wielding a +0 hand axe
              (4 damage)
             ... on level 5 of the Dungeon.
             The game lasted 00:06:19 (4267 turns).

BinkBink the Trooper (Gargoyle Fighter)             Turns: 4267, Time: 00:06:20

Health: 0/67       AC: 13    Str: 22 (23) XL:     7   Next: 80%
Magic:  7/7        EV: 15    Int: 10 (12) God:
Gold:   198        SH:  4    Dex:  8 (11) Spells: 6/6 levels left

rFire   . . .        a - +2 hammer "Nuydgh" {holy, Fly Str+4 Int-3}
rCold   . . .        c - +0 buckler
rNeg    + . .        b - +0 scale mail
rPois   ∞            (no helmet)
rElec   +            (no cloak)
rCorr   .            u - +0 pair of gloves
SInv    .            (no boots)
Will    .....        (no amulet) Stlth
                     m - +5 ring of evasion
HPRegen 0.31/turn    i - +6 ring of intelligence
MPRegen 0.10/turn

%: no passive effects
@: brilliant, berserking, flying, hasted, very quick
A: sickness immunity, AC +4, negative energy resistance 1, electricity
resistance, torment resistance 1, petrification resistance
a: no special abilities


You were on level 5 of the Dungeon.
You visited 1 branch of the dungeon, and saw 5 of its levels.

You collected 245 gold pieces.
You spent 47 gold pieces at shops.

Inventory:

Hand Weapons
 a - the +2 hammer "Nuydgh" (weapon) {holy, Fly Str+4 Int-3}
   (You found it on level 4 of the Dungeon)

   Str+4:     It affects your strength (+4).
   Int-3:     It affects your intelligence (-3).
   Fly:       It grants you flight.
 y - a +0 flail of venom
Armour
 b - a +0 scale mail (worn)
 c - a +0 buckler (worn)
 u - a +0 pair of gloves (worn)
 A - a +0 cloak
Jewellery
 i - a +6 ring of intelligence (right hand)
 m - a +5 ring of evasion (left hand)
 s - a ring of wizardry
Wands
 r - a wand of polymorph (9)
Scrolls
 e - a scroll of revelation
 f - 11 scrolls of identify {unknown}
 h - 3 scrolls of teleportation {unknown}
 k - a scroll of poison {unknown}
 o - 2 scrolls of blinking {unknown}
 q - a scroll of enchant weapon {unknown}
 w - 2 scrolls of vulnerability {unknown}
 x - a scroll of amnesia {unknown}
Potions
 d - 3 potions of might
 g - 3 potions of haste
 j - a potion of attraction {unknown}
 l - 3 potions of brilliance
 n - a potion of heal wounds {unknown}
 p - a potion of berserk rage
 t - 2 potions of enlightenment {unknown}
 v - 3 potions of degeneration
 z - 2 potions of curing {unknown}


   Skills:
 * Level 5.9 Fighting
 * Level 4.7 Maces & Flails
 + Level 4.8 Armour
 + Level 2.5 Dodging
 + Level 4.5 Shields


You had 6 spell levels left.
You didn't know any spells.
Your spell library contained the following spells:

 Spells                   Type           Power      Damage    Failure   Level
 Gell's Gravitas          Tloc           0%         N/A       98%         3
 Teleport Other           Tloc           0%         N/A       98%         3
 Cause Fear               Hex            0%         N/A       100%        4
 Fireball                 Conj/Fire      0%         3d3       100%        5
 Dispersal                Tloc           0%         N/A       100%        6
 Dragon's Call            Summ           0%         N/A       100%        9


Dungeon Overview and Level Annotations

Branches:
Dungeon (5/15)             Temple (0/1) D:5

Altars:
Fedhas

Shops:
D:5 *:


Innate Abilities, Weirdness & Mutations

You are immune to sickness and miasma.
Your stone body is resilient. (AC +4)
You are immune to poison.
You resist negative energy. (rN+)
You are resistant to electric shocks. (rElec)
You are resistant to unholy torment.
You are immune to petrification.


Message History

The orc misses you.
The orc priest mumbles some strange prayers to Beogh against you.
Pain shoots through your body!
As you read the scroll labelled PALELI DOAGU, it crumbles to dust.
You feel aware of your surroundings.
It was a scroll of revelation.
The orc priest shouts!
The orc hits you but does no damage. The orc priest misses you.
The orc priest invokes the aid of Beogh against you.
Beogh smites you!
* * * LOW HITPOINT WARNING * * *
You see here a +0 whip.
It was a potion of haste.
You feel yourself speed up. The orc closely misses you.
It was a potion of brilliance.
You feel clever all of a sudden. The orc hits you but does no damage.
The orc priest misses you.
The orc priest casts a cantrip, but nothing happens.
It was a potion of degeneration.
There was something very wrong with that liquid.
You feel weakened.
You feel dopey.
You feel clumsy. The orc hits you but does no damage.
The orc priest casts a cantrip, but nothing happens.
It was a potion of berserk rage.
A red film seems to cover your vision as you go berserk!
You feel yourself moving faster!
You feel mighty! The orc closely misses you. The orc priest barely misses you.
You are too berserk!
You closely miss the orc priest.
The orc priest is moderately wounded.
The orc priest calls upon Beogh to heal the orc priest.
The orc priest's wounds heal themselves!
You thump the orc priest!
The orc priest is almost dead.
The orc priest mumbles some strange prayers to Beogh against you.
You struggle to resist.
The orc hits you but does no damage.
The orc priest begins to cast a cantrip, but forgets the words!
You sock the orc priest!
You kill the orc priest!
The orc priest hits you with a +0 hand axe.
You die...

..o....#,,....########......#....
.......#,......#.....#......#....
?......#,......#.....#......#....
.......#,......+..)..#......#....
##.....###########)###......#####
,#..[...........).)..............
,#...............................
,#..............).)..............
,#..............@o.o.............
,#...............o...............
################'################
......#..........................
......#..........................
......#..........................
......#..........................
.##..###..###.....###...###...###
.###+###..######### #...# #...#..


You could see 2 orc priests and an orc.

Vanquished Creatures
  Edmund (D:4)
  An ogre (D:4)
  2 scorpions
  2 howler monkeys (D:4)
  A jelly (D:4)
  A gnoll bouda (D:5)
  An orc priest (D:5)
  Crazy Yiuf (D:4)
  Jessica (D:2)
  An iguana (D:5)
  8 gnolls (D:5)
  5 adders
  A worm (D:3)
  A dart slug (D:1)
  9 orcs
  6 endoplasms
  A giant cockroach (D:3)
  5 goblins
  12 hobgoblins
  9 jackals
  2 quokkas
  9 ball pythons
  7 bats
  3 frilled lizards
  8 kobolds
  5 rats
103 creatures vanquished.

Vanquished Creatures (others)
  A kobold (D:1)
1 creature vanquished.

Grand Total: 104 creatures vanquished

Notes
Turn   | Place    | Note
-------+----------+-------------------------------------------
     0 | D:1      | BinkBink the Gargoyle Fighter began the quest for the Orb.
     0 | D:1      | Reached XP level 1. HP: 14/14 MP: 1/1
    74 | D:1      | Reached XP level 2. HP: 13/19 MP: 2/2
   224 | D:1      | Found a faded altar of an unknown god.
   311 | D:1      | Reached XP level 3. HP: 24/24 MP: 3/3
   898 | D:2      | Reached skill level 1 in Dodging
   904 | D:2      | Reached XP level 4. HP: 29/29 MP: 4/4
   905 | D:2      | Reached skill level 4 in Fighting
  1255 | D:2      | Noticed Jessica
  1265 | D:2      | Killed Jessica
  1871 | D:3      | Reached XP level 5. HP: 33/33 MP: 5/5
  2624 | D:4      | Reached XP level 6. HP: 40/40 MP: 6/6
  2680 | D:4      | Found a runed translucent door.
  2681 | D:4      | Noticed Crazy Yiuf
  2722 | D:4      | Noticed Edmund
  2751 | D:4      | Killed Edmund
  2752 | D:4      | Reached skill level 5 in Fighting
  2843 | D:4      | Reached XP level 7. HP: 32/44 MP: 7/7
  3159 | D:4      | Killed Crazy Yiuf
  3161 | D:4      | Identified the +2 hammer "Nuydgh" {holy, Fly Str+4 Int-3}
  3237 | D:5      | Entered Level 5 of the Dungeon
  3305 | D:5      | Found a blossoming altar of Fedhas.
  3356 | D:5      | Found Base's Self-Published Books.
  3986 | D:5      | Found Monnafod's Assorted Antiques.
  3994 | D:5      | Bought a sapphire potion for 22 gold pieces
  3994 | D:5      | Bought a scroll labelled JOZ WIEPIRCHAO for 25 gold pieces
  4260 | D:5      | HP: 1/45 [orc priest/divine providence (16)]
  4267 | D:5      | Slain by an orc priest

Illustrated notes

Levels and vault maps discovered:
D:1:      evilmike_arrival_rings, layout_basic, shapermc_ecumenical_altar_ellora
D:2:      layout_loops_corners, hangedman_feature_mirror, st_stairs_12,
          uniq_jessica
D:3:      layout_loops_cross, minmay_bisected
D:4:      layout_loops_ring, kennysheep_doodads, st_stairs_6,
          dreamdust_wishing_well, nrook_mini_backslash, serial_bayou_pond_b,
          feat_on_display, uniq_crazy_yiuf_cottage, uniq_edmund
D:5:      layout_gridville, fedhas_altar_2, temple_statues, serial_shops,
          nicolae_shop_hallway_stairs, nicolae_custom_books

Skill      XL: |  1  2  3  4  5  6 |
---------------+-------------------+-----
Dodging        | 1 2 |  2.5
Fighting       | 4 5 |  5.9
Maces & Flails | 3 4 |  4.7
Armour         | 4 |  4.8
Shields        | 4 |  4.5

Action                     |  1- 3 |  4- 6 |  7- 9 || total
---------------------------+-------+-------+-------++-------
  Melee: Flail             |   135 |   156 |    15 ||   306
         Unarmed           |       |     7 |       ||     7
         Mace              |       |       |    99 ||    99
    Use: Potion            |       |       |     4 ||     4
         Scroll            |       |       |     1 ||     1
 Armour: Scale mail        |   113 |    65 |    61 ||   239
         Skin              |       |     3 |       ||     3
  Dodge: Dodged            |    94 |   105 |    80 ||   279
  Block: Buckler           |    42 |    24 |    24 ||    90

Table legend: (Time is in decaauts)
 A = Elapsed time spent in this place.
 B = Non-inter-level travel time spent in this place.
 C = Inter-level travel time spent in this place.
 D = Time resting spent in this place.
 E = Time spent auto-exploring this place.
 F = Levels seen in this place.
 G = Mean time per level.
                   A        B        C        D        E       F      G
               +--------+--------+--------+--------+--------+-----+--------+
         Total |   4371 |   4213 |    158 |    307 |   2980 |   5 |  874.2 |
       Dungeon |   4371 |   4213 |    158 |    307 |   2980 |   5 |  874.2 |
               +--------+--------+--------+--------+--------+-----+--------+

Top non-repeatable levels by time:
     D:5: 1047 daAuts
     D:2: 952 daAuts
     D:4: 951 daAuts
     D:3: 735 daAuts
     D:1: 685 daAuts
